 Dungeon Crawl Stone Soup version 0.27-a0-1144-g0b7d3b79db (webtiles) character file.

Game seed: 6170039756090987518

43 neco the Firebug (level 3, 0/21 HPs)
             Began as an Octopode Fire Elementalist on May 10, 2021.
             Succumbed to an adder's poison
             ... on level 2 of the Dungeon.
             The game lasted 00:17:09 (2154 turns).

neco the Firebug (Octopode Fire Elementalist)       Turns: 2154, Time: 00:17:09

Health: 0/21       AC:  1    Str:  7    XL:     3   Next: 58%
Magic:  5/6        EV: 13    Int: 17    God:
Gold:   23         SH:  0    Dex: 13    Spells: 5/6 levels left

rFire    . . .     SeeInvis .   b - +1 dagger
rCold    . . .     Faith    .   (no shield)
rNeg     . . .     Spirit   .   (helmet restricted)
rPois    .         Reflect  .   (no amulet)
rElec    .         Harm     .   (no ring)
rCorr    .         Rampage  .   (no ring)
Will     .....                  (no ring)
Stlth    +++.......             (no ring)
HPRegen  0.07/turn              (no ring)
MPRegen  0.10/turn              (no ring)
                                (no ring)
                                (no ring)

@: lethally poisoned (0 -> -6)
A: almost no armour, amphibious, 8 rings, camouflage 1, gelatinous body 1,
(nimble swimmer 1), tentacles
a: no special abilities


You were on level 2 of the Dungeon.
You visited 1 branch of the dungeon, and saw 2 of its levels.

You collected 23 gold pieces.

Inventory:

Hand Weapons
 b - a +1 dagger (weapon)
 c - a +0 club
 g - a +0 dagger
 h - a +0 hand axe
 j - a +0 trident
 k - a +0 short sword
 l - a +0 hand axe
 m - a +0 dagger
 o - a +0 club
 r - a +0 dagger
Missiles
 f - 45 stones
Scrolls
 a - a scroll of noise {unknown}
 e - a scroll of holy word {unknown}
 i - 2 scrolls of identify {unknown}
 n - 2 scrolls of magic mapping {unknown}
Potions
 d - a potion of attraction {unknown}
 p - a potion of lignification {unknown}


   Skills:
 + Level 0.2 Fighting
 + Level 1.3 Axes
 + Level 2.1 Dodging
 + Level 3.0 Stealth
 + Level 0.4 Unarmed Combat
 + Level 2.1 Spellcasting
 + Level 1.0 Conjurations
 + Level 3.7 Fire Magic


You had 5 spell levels left.
You knew the following spells:

 Your Spells              Type           Power      Damage    Failure   Level
a - Foxfire               Conj/Fire      36%        2x1d5     8%          1

Your spell library contained the following spells:

 Spells                   Type           Power      Damage    Failure   Level
 Conjure Flame            Conj/Fire      9%         6-21      22%         3
 Inner Flame              Hex/Fire       8%         N/A       26%         3
 Sticky Flame             Conj/Fire      9%         2d3       58%         4
 Fireball                 Conj/Fire      4%         3d4       90%         5


Dungeon Overview and Level Annotations

Branches:
Dungeon (2/15)

Altars:


Innate Abilities, Weirdness & Mutations

You cannot wear most types of armour.
You are amphibious.
You can wear up to eight rings at the same time.
Your skin changes colour to match your surroundings (Stealth+).
Your rubbery body absorbs attacks. (AC +1, EV +1)
((You are camouflaged near water. (Stealth+)))
You have tentacles for arms and can constrict up to eight enemies at once.


Message History

You hit the quokka.
You kill the quokka!
a - a scroll labelled DAAPISSESKU You open the door.
There is an open door here.
There is an open door here.
A ball python comes into view.
An adder comes into view.
Found 10 gold pieces.
The adder hisses angrily.
The adder misses you.
You hit the adder. Your grab misses the adder.
The adder is lightly wounded.
The adder bites you. The adder closely misses you.
You hit the adder. Your grab misses the adder.
The adder is lightly wounded.
The adder barely misses you.
You miss the adder. Your grab misses the adder.
The adder is lightly wounded.
The adder bites you.
You are poisoned.
The adder poisons you!
You hit the adder. You grab the adder.
The adder is moderately wounded.
You constrict the adder.
You feel sick. The adder bites you.
You are more poisoned.
The adder poisons you! The adder barely misses you.
You hit the adder.
The adder is heavily wounded.
You constrict the adder.
You feel sick. The adder closely misses you.
You are too injured to fight recklessly!
You are too injured to fight recklessly!
You are too injured to fight recklessly!
Casting: Foxfire (safe; 8% risk of failure)
Confirm with . or Enter, or press ? or * to list all spells.
You conjure some foxfire!
You constrict the adder.
You feel sick. The adder bites you.
* * * LOW HITPOINT WARNING * * *
You release your grip on the adder.
You die...

.# .# .# #.# .#
#.. .# #.#.####.#
. #....Sv..####
.. #.##.@.$..#
... #.##v####.#
.S.. #.##.#
.....##....#
........#######.#
....###.........#
..###<....#####
###...........#
#...#.#.......#


You could see an adder (ally target).

Vanquished Creatures
  An adder (D:2)
  A dart slug (D:2)
  4 endoplasms (D:1)
  2 giant cockroaches
  3 goblins (D:1)
  2 hobgoblins (D:1)
  3 kobolds (D:1)
  4 quokkas
  2 ball pythons
  4 bats
  A frilled lizard (D:1)
  A rat (D:1)
28 creatures vanquished.

Vanquished Creatures (others)
  2 foxfires (D:1)
2 creatures vanquished.

Grand Total: 30 creatures vanquished

Notes
Turn   | Place    | Note
-------+----------+-------------------------------------------
     0 | D:1      | neco the Octopode Fire Elementalist began the quest for the
                  | Orb.
     0 | D:1      | Reached XP level 1. HP: 11/11 MP: 3/3
   326 | D:1      | Reached XP level 2. HP: 16/17 MP: 5/5
  1623 | D:1      | Reached XP level 3. HP: 18/21 MP: 6/6
  1953 | D:2      | Reached skill level 1 in Axes
  2154 | D:2      | Succumbed to an adder's poison

Illustrated notes

Levels and vault maps discovered:
D:1:      dpeg_arrival_rooms_a, layout_loops_ring
D:2:      minmay_skewed_foursquare, layout_basic, minivault_25, st_stairs_14

Skill      XL: |  1  2  3 |
---------------+----------+-----
Stealth        | 3 |  3.0
Axes           | 1 |  1.3
Fighting       | |  0.2
Dodging        | |  2.1
Unarmed Combat | |  0.4
Spellcasting   | |  2.1
Conjurations   | |  1.0
Fire Magic     | |  3.7

Action                   || total
-------------------------++-------
Melee: Unarmed           ||    53
       Constrict         ||    21
       Tentacles         ||    12
       Hand axe          ||    32
       Dagger            ||    11
 Cast: Foxfire           ||     2
  Use: Scroll            ||     1
       Potion            ||     1
 Stab: Sleeping          ||     9
Armor: Skin              ||     6
Dodge: Dodged            ||    65

Table legend: (Time is in decaauts)
 A = Elapsed time spent in this place.
 B = Non-inter-level travel time spent in this place.
 C = Inter-level travel time spent in this place.
 D = Time resting spent in this place.
 E = Time spent auto-exploring this place.
 F = Levels seen in this place.
 G = Mean time per level.
                   A        B        C        D        E       F      G
               +--------+--------+--------+--------+--------+-----+--------+
         Total |   2162 |   2162 |      0 |    701 |      0 |   2 | 1081.0 |
       Dungeon |   2162 |   2162 |      0 |    701 |      0 |   2 | 1081.0 |
               +--------+--------+--------+--------+--------+-----+--------+

Top non-repeatable levels by time:
     D:1: 1832 daAuts
     D:2: 330 daAuts
